 Dungeon Crawl Stone Soup version 0.31-a0-187-gba352fbbf7 (webtiles) character file.

Game seed: 855989877446075016

1380 Gorgondantess the Sneak (level 8, 0/36 HPs)
             Began as a Spriggan Conjurer on June 22, 2023.
             Slain by a black bear (5 damage)
             ... on level 6 of the Dungeon.
             The game lasted 00:16:19 (6488 turns).

Gorgondantess the Sneak (Spriggan Conjurer)         Turns: 6488, Time: 00:16:20

Health: 0/36       AC:  5    Str:  3    XL:     8   Next: 39%
Magic:  1/17       EV: 18    Int: 21    God:
Gold:   346        SH:  0    Dex: 14    Spells: 3/17 levels left

rFire   . . .        v - +4 quarterstaff (chaos)
rCold   . . .        (shield currently unavailable)
rNeg    . . .        A - +0 robe {Will+}
rPois   .            (helmet restricted)
rElec   .            w - +2 cloak {Stlth+}
rCorr   .            (gloves unavailable)
SInv    +            (boots unavailable)
Will    ++...        (no amulet)
Stlth   ++++         B - ring of wizardry
HPRegen 0.26/turn    (no ring)
MPRegen 0.15/turn

%: wizardry (x1)
@: very quick
A: very small, no large weapons, unfitting armour, see invisible, speed 3
a: no special abilities


You were on level 6 of the Dungeon.
You visited 1 branch of the dungeon, and saw 6 of its levels.
You also visited: Sewer.

You collected 346 gold pieces.

Inventory:

Hand Weapons
 c - a +0 short sword
 v - a +4 quarterstaff of chaos (weapon)
 y - a +3 short sword
 G - a +0 shortbow
Missiles
 E - 24 poisoned darts
Armour
 a - a +0 robe
 k - an orb of wrath
 w - a +2 cloak of stealth (worn)
 A - a +0 robe of willpower (worn)
 H - a +0 buckler
Jewellery
 e - an amulet of faith
 B - a ring of wizardry (left hand)
Wands
 m - a wand of paralysis (9)
 x - a wand of flame (28)
 C - a wand of roots (7)
Scrolls
 f - a scroll of fog {unknown}
 i - 3 scrolls of teleportation
 n - a scroll of noise {unknown}
 o - 2 scrolls of amnesia {unknown}
 p - a scroll of brand weapon {unknown}
 r - a scroll of blinking {unknown}
 t - a scroll of enchant armour {unknown}
 u - a scroll of vulnerability {unknown}
 D - 2 scrolls of immolation {unknown}
 F - 2 scrolls of revelation {unknown}
Potions
 b - a potion of magic
 d - 2 potions of resistance
 g - 2 potions of brilliance
 h - 4 potions of heal wounds {unknown}
 j - 2 potions of mutation {unknown}
 l - a potion of enlightenment {unknown}
 q - 3 potions of attraction {unknown}
 s - 4 potions of haste {unknown}
 z - a potion of ambrosia {unknown}
 I - a potion of cancellation {unknown}


   Skills:
 + Level 4.8 Dodging
 + Level 5.4 Stealth
 + Level 5.4 Spellcasting
 * Level 5.3 Conjurations
 * Level 3.8 Hexes
 + Level 5.3 Translocations
 - Level 1.0 Air Magic
 - Level 2.0 Poison Magic
 + Level 2.2 Evocations


You had 3 spell levels left.
You knew the following spells:

 Your Spells              Type           Power      Damage    Failure   Level
a - Magic Dart            Conj           100%       1d8       1%          1
b - Searing Ray           Conj           56%        2d6       1%          2
c - Mephitic Cloud        Conj/Pois/Air  17%        N/A       4%          3
d - Iskenderun's Mystic   Conj/Tloc      28%        2d7       4%          4
e - Fulminant Prism       Conj/Hex       12%        3d9       6%          4

Your spell library contained the following spells:

 Spells                   Type           Power      Damage    Failure   Level
 Dazzling Flash           Conj/Hex       50%        N/A       1%          3
 Beastly Appendage        Tmut           10%        N/A       4%          1
 Call Imp                 Summ           10%        N/A       6%          2
 Sublimation of Blood     Necr           5%         N/A       6%          2
 Wereblood                Tmut           5%         N/A       6%          2
 Spider Form              Tmut/Pois      9%         N/A       9%          3
 Storm Form               Tmut/Air       3%         N/A       100%        7
 Summon Hydra             Summ           2%         N/A       100%        7
 Maxwell's Capacitive Co  Air            4%         ∞         100%        8


Dungeon Overview and Level Annotations

Branches:
Dungeon (6/15)              Sewer (visited)
 Temple: D:4-7

Altars:
Dithmenos
Uskayaw
Wu Jian

Annotations:
D:6 2 transporters, Jeffwins's ghost, novice OpWn


Innate Abilities, Weirdness & Mutations

You are very small and have problems with some larger weapons.
You are too small for most types of armour.
You have supernaturally acute eyesight. (SInv)
You cover ground extremely quickly. (Speed+++)


Message History

Press: ? - help, Shift-Dir - straight line, f - black bear
Aim: a black bear (heavily wounded, 85% to hit)
The searing ray hits the black bear.
The black bear is heavily wounded. (Press . to maintain the ray.)
The searing ray hits the black bear!
The black bear is severely wounded.
The black bear goes berserk!
You hit the black bear.
The black bear is almost dead.
The black bear completely misses you. The black bear barely misses you.
The black bear claws you. The black bear bites you.
The black bear claws you but does no damage.
The black bear closely misses you.
You hit the black bear.
The black bear is almost dead.
The black bear bites you. The black bear barely misses you.
The black bear closely misses you. The black bear misses you.
The black bear claws you but does no damage.
The black bear claws you.
Unknown command.
There is a stone staircase leading up here.
Casting: Searing Ray (safe; 1% risk of failure)
Confirm with . or Enter, or press ? or * to list all spells.
Aiming: Searing Ray (safe; 1% risk of failure)
Press: ? - help, Shift-Dir - straight line, f/p - black bear
Aim: a black bear (almost dead, berserk, 85% to hit)
The searing ray hits the black bear.
The black bear is almost dead. (Press . to maintain the ray.) Unknown command.
You hit the black bear but do no damage.
The black bear is poisoned.
The black bear is almost dead.
The black bear bites you. The black bear claws you.
* * * LOW HITPOINT WARNING * * *
The black bear claws you.
* * * LOW HITPOINT WARNING * * *
The black bear barely misses you. The black bear claws you.
You die...

##.....#####...#
##<.........###
#####...########
#........# ######.####...#
## #....~..÷.....########.
#.##≈~.~~##÷...##......
#.##~~h~≈##....##.♣♣♣._
#.~~..@..≈~..#.##...♣..
#.~~.....~~..#.##.♣.♣♣.
#.~~.....~~..#....♣....
####.≈~...(.~~.###...♣♣♣♣.
.....~~.~...~≈.# ##.......
..##.##~~~~~##.# ##.♣♣♣♣.
#.##~≈~≈~##.# #.♣....
#.....~.....# ..♣.♣♣.
##...####### #.... ♣..


You could see a black bear (berserk, very poisoned).

Vanquished Creatures
  An ogre (D:6)
  A centaur (D:5)
  A phantom (D:5)
  3 kobold brigands (Sewer)
  A scorpion (D:6)
  5 wights
  An orc priest (D:5)
  Crazy Yiuf (D:4)
  3 hounds
  A sleepcap (D:5)
  Ijyb (D:4)
  Natasha (twice) (D:4)
  2 iguanas
  10 adders
  10 river rats (Sewer)
  2 ufetubi
  A worm (D:6)
  A dart slug (D:2)
  16 orcs
  14 ball pythons
  3 bats
  2 endoplasms
  4 giant cockroaches
  8 hobgoblins
  6 jackals (D:1)
  A quokka (D:1)
  5 frilled lizards
  4 goblins
  19 kobolds
  24 rats
153 creatures vanquished.

Vanquished Creatures (others)
  11 fulminant prisms
11 creatures vanquished.

Grand Total: 164 creatures vanquished

Notes
Turn   | Place    | Note
-------+----------+-------------------------------------------
     0 | D:1      | Gorgondantess the Spriggan Conjurer began the quest for the
                  | Orb.
     0 | D:1      | Reached XP level 1. HP: 9/9 MP: 5/5
   264 | D:1      | Reached XP level 2. HP: 13/13 MP: 2/7
  1346 | D:2      | Reached XP level 3. HP: 16/16 MP: 3/8
  1420 | D:2      | Learned a level 2 spell: Searing Ray
  1424 | D:2      | Learned a level 3 spell: Mephitic Cloud
  1909 | D:2      | Reached XP level 4. HP: 21/21 MP: 4/10
  2017 | D:2      | Found a hide-covered altar of Uskayaw.
  2574 | D:3      | Learned a level 4 spell: Iskenderun's Mystic Blast
  2640 | D:3      | Reached skill level 1 in Poison Magic
  3138 | D:4      | Noticed Natasha
  3153 | D:4      | Killed Natasha
  3154 | D:4      | Reached skill level 1 in Translocations
  3154 | D:4      | Reached skill level 1 in Air Magic
  3263 | D:4      | Found a runed translucent door.
  3264 | D:4      | Noticed Crazy Yiuf
  3274 | D:4      | Killed Crazy Yiuf
  3275 | D:4      | Reached XP level 5. HP: 24/24 MP: 1/11
  3508 | D:4      | Noticed Ijyb
  3522 | D:4      | Killed Ijyb
  3863 | D:4      | Noticed Natasha
  3868 | D:4      | Killed Natasha
  3959 | D:5      | Entered Level 5 of the Dungeon
  3970 | D:5      | Reached XP level 6. HP: 25/28 MP: 2/13
  4340 | D:5      | Learned a level 4 spell: Fulminant Prism
  4381 | D:5      | Reached XP level 7. HP: 32/32 MP: 6/14
  4748 | D:5      | Reached skill level 1 in Hexes
  5415 | D:6      | Found a glowing drain.
  5446 | Sewer    | Entered a sewer
  5499 | Sewer    | Reached skill level 5 in Spellcasting
  5511 | Sewer    | Reached skill level 5 in Conjurations
  5549 | Sewer    | Reached skill level 1 in Evocations
  5718 | Sewer    | Reached XP level 8. HP: 36/36 MP: 10/16
  5818 | Sewer    | Reached skill level 5 in Stealth
  5818 | Sewer    | Reached skill level 5 in Translocations
  6309 | D:6      | Found a shadowy altar of Dithmenos.
  6326 | D:6      | Found an ornate altar of the Wu Jian Council.
  6360 | D:6      | Found a transporter.
  6363 | D:6      | Noticed Jeffwins's ghost (novice OpWn)
  6379 | D:6      | Found a transporter.
  6488 | D:6      | Slain by a black bear

Illustrated notes

Levels and vault maps discovered:
D:1:      minmay_arrival_cross, layout_loops_ring
D:2:      layout_loops_ring, basic_altar, minivault_19, chequers_big_river,
          kennysheep_generic_room_16
D:3:      layout_rooms
D:4:      layout_basic, grunt_decor_resistance, lightli_corner_chamber,
          uniq_ijyb, uniq_crazy_yiuf_cottage, uniq_natasha
D:5:      layout_basic
D:6:      layout_layer_cave, elyvilon_altar_5,
          mainiacjoe_overflow_large_starburst, cheibrodos_sewer_entry_sluice,
          gammafunk_ghost_stat_death, st_stairs_12

Skill      XL: |  1  2  3  4  5  6  7  8 |
---------------+-------------------------+-----
Conjurations   | 3 4 5 |  5.3
Spellcasting   | 3 4 5 |  5.4
Poison Magic   | 1 2 |  2.0
Translocations | 2 3 4 5 |  5.3
Air Magic      | 1 |  1.0
Dodging        | 3 4 |  4.8
Stealth        | 4 5 |  5.4
Hexes          | 3 |  3.8
Evocations     | 1 2 |  2.2

Action                     |  1- 3 |  4- 6 |  7- 9 || total
---------------------------+-------+-------+-------++-------
  Melee: Short sword       |    27 |    16 |       ||    43
         Quarterstaff      |       |    10 |   115 ||   125
   Cast: Magic Dart        |    66 |    26 |       ||    92
         Searing Ray       |     5 |    20 |    20 ||    45
         Mephitic Cloud    |       |     3 |     2 ||     5
         Fulminant Prism   |       |       |    11 ||    11
         Iskenderun's Myst |       |       |     1 ||     1
    Use: Scroll            |       |       |     4 ||     4
   Stab: Confused          |       |     1 |       ||     1
         Sleeping          |       |       |     4 ||     4
 Armour: Robe              |     3 |     2 |    31 ||    36
  Dodge: Dodged            |    38 |    21 |   131 ||   190

Table legend: (Time is in decaauts)
 A = Elapsed time spent in this place.
 B = Non-inter-level travel time spent in this place.
 C = Inter-level travel time spent in this place.
 D = Time resting spent in this place.
 E = Time spent auto-exploring this place.
 F = Levels seen in this place.
 G = Mean time per level.
                   A        B        C        D        E       F      G
               +--------+--------+--------+--------+--------+-----+--------+
         Total |   4991 |   4888 |    103 |    203 |   3717 |   7 |  713.0 |
       Dungeon |   4359 |   4256 |    103 |    195 |   3323 |   6 |  726.5 |
         Sewer |    632 |    632 |      0 |      8 |    393 |   1 |  632.0 |
               +--------+--------+--------+--------+--------+-----+--------+

Top non-repeatable levels by time:
     D:5: 1138 daAuts
     D:1: 998 daAuts
     D:2: 806 daAuts
     D:4: 712 daAuts
   Sewer: 632 daAuts
     D:3: 484 daAuts
     D:6: 218 daAuts
